 Dungeon Sprint DCSS version 0.27.1 (webtiles) character file.

Game seed: 12567639854855465032

814 styxcanada the Unseen (level 7, -1/38 HPs)
             Began as a Spriggan Brigand on Aug 27, 2021.
             Was an Initiate of Gozag.
             Killed from afar by a burning bush (9 damage)
             ... with a puff of flame
             ... in the Dungeon (Sprint IV: "Fedhas' Mad Dash").
             The game lasted 00:06:29 (669 turns).

styxcanada the Unseen (Spriggan Brigand)             Turns: 669, Time: 00:06:30

Health: -1/38      AC:  3    Str:  7    XL:     7   Next: 62%
Magic:  8/8        EV: 21    Int: 13    God:    Gozag
Gold:   424        SH:  7    Dex: 18    Spells: 6/6 levels left

rFire    . . .     SeeInvis +   a - +2 dagger
rCold    . . .     Faith    .   e - +0 buckler
rNeg     . . .     Spirit   .   b - +0 robe
rPois    .         Reflect  .   (helmet restricted)
rElec    .         Harm     .   c - +0 cloak
rCorr    .         Rampage  .   (gloves unavailable)
Will     +....     NoTele   +   (boots unavailable)
Stlth    +++++++...             j - amulet of invisibility {+Inv}
HPRegen  0.12/turn              (no ring)
MPRegen  0.11/turn              (no ring)

@: attractive, very quick
A: very small, no large weapons, unfitting armour, see invisible, speed 3
a: Renounce Religion, Evoke Invisibility, Potion Petition, Call Merchant, Bribe
Branch


You were in the Dungeon.
You worshipped Gozag.
Gozag was aware of your devotion.
You visited 1 branch You collected 424 gold pieces.

Inventory:

Hand Weapons
 a - a +2 dagger (weapon)
Missiles
 d - 6 poisoned darts (quivered)
 o - a curare-tipped dart
Armour
 b - a +0 robe (worn)
 c - a +0 cloak (worn)
 e - a +0 buckler (worn)
Jewellery
 j - the amulet of invisibility (around neck) {+Inv}
   (You found it in the Dungeon)

   [amulet of nothing]

   +Inv:      It lets you turn invisible.
Scrolls
 k - a scroll of blinking
Potions
 f - 2 potions of curing
 h - a potion of haste
 i - 2 potions of magic
 m - a potion of brilliance {unknown}


   Skills:
 * Level 4.8 Fighting
 + Level 4.4 Short Blades
 + Level 5.2 Throwing
 * Level 7.4 Dodging
 * Level 18.1 Stealth
 * Level 2.6 Shields
 * Level 5.4 Evocations


You had 6 spell levels left.
You didn't know any spells.
Your spell library was empty.

Dungeon Overview and Level Annotations

Branches:
Dungeon (1/1)

Altars:
Cheibriados
Dithmenos
Elyvilon
Gozag
Hepliaklqana
Kikubaaqudgha
Makhleb
Nemelex Xobeh
Okawaru
Qazlal
Ru
Sif Muna
Trog
Uskayaw
Vehumet
Wu Jian
Xom
Yredelemnul
Zin
The Shining One
Beogh
Jiyva
Lugonu

Shops:
D [*


Innate Abilities, Weirdness & Mutations

You are very small and have problems with some larger weapons.
You are too small for most types of armour.
You have supernaturally acute eyesight. (SInv)
You cover ground extremely quickly. (Speed+++)


Message History

You hit the burning bush but do no damage.
The burning bush is moderately damaged.
You hit the burning bush but do no damage.
The burning bush is moderately damaged.
You hit the burning bush but do no damage.
The burning bush is moderately damaged.
The burning bush throws fire at you. The puff of flame hits you.
You completely miss the burning bush.
The burning bush is moderately damaged.
You hit the burning bush.
The burning bush is moderately damaged.
You feel much better.
You hit the burning bush but do no damage.
The burning bush is moderately damaged.
You hit the burning bush.
The burning bush is moderately damaged.
You hit the burning bush but do no damage.
The burning bush is moderately damaged.
The burning bush throws fire at you. The puff of flame hits you!
You hit the burning bush but do no damage.
The burning bush is moderately damaged.
You hit the burning bush.
The burning bush is heavily damaged.
You hit the burning bush.
The burning bush is heavily damaged.
You hit the burning bush but do no damage.
The burning bush is heavily damaged.
The burning bush throws fire at you. The puff of flame hits you!
* * * LOW HITPOINT WARNING * * *
You completely miss the burning bush.
The burning bush is heavily damaged.
You hit the burning bush but do no damage.
The burning bush is heavily damaged.
The burning bush throws fire at you. The puff of flame hits you!
You die...
Your body crumbles into a pile of gold.

###################******
_._.⌠.#..'.§§#.$..#*∩**,*
._._..'..#§§§#.$.P+,,**+*
_._...#..###§##.@$#*∩*$$****
._._..#..##§§§'..$#****,,,,*
_._.⌠.#############****,,,∩*
#######****,,,,$,***,,,,,*,*
*,***,+,$+,,,,,$,+,+,,,*,,∩*
,***,,*,,*,,,,,,,***********
,,***,**+**,,,,,,*
$*+,,$**,*********
*******,,,,,****


You could see a burning bush.

Vanquished Creatures
  2 wandering mushrooms (D)
  3 scorpions (D)
  3 oklob saplings (D)
  2 spriggans (D)
  A river rat (D)
  A rat (D)
12 creatures vanquished.

Vanquished Creatures (others)
  A fungus (D)
1 creature vanquished.

Grand Total: 13 creatures vanquished

Notes
Turn   | Place    | Note
-------+----------+-------------------------------------------
     0 | D        | styxcanada the Spriggan Brigand began the quest for the
                  | Orb.
     0 | D        | Reached XP level 1. HP: 10/10 MP: 2/2
    15 | D        | Reached skill level 6 in Stealth
    26 | D        | Reached skill level 8 in Stealth
    26 | D        | Reached XP level 2. HP: 3/15 MP: 3/3
   253 | D        | Noticed an oklob sapling
   258 | D        | Killed an oklob sapling
   259 | D        | Reached skill level 9 in Stealth
   259 | D        | Reached XP level 3. HP: 19/19 MP: 4/4
   304 | D        | Noticed a scorpion
   304 | D        | Found the amulet of invisibility {+Inv}
   306 | D        | Killed a scorpion
   307 | D        | Reached skill level 11 in Stealth
   307 | D        | Reached XP level 4. HP: 23/23 MP: 5/5
   329 | D        | Found an opulent altar of Gozag.
   329 | D        | Found a hazy altar of Hepliaklqana.
   329 | D        | Found a burning altar of Makhleb.
   329 | D        | Found a sparkling altar of Nemelex Xobeh.
   329 | D        | Found a snail-covered altar of Cheibriados.
   329 | D        | Found a sacrificial altar of Ru.
   329 | D        | Found a shimmering blue altar of Sif Muna.
   329 | D        | Found a shimmering altar of Xom.
   329 | D        | Found a basalt altar of Yredelemnul.
   330 | D        | Found a viscous altar of Jiyva.
   330 | D        | Found a bloodstained altar of Trog.
   330 | D        | Found an ornate altar of the Wu Jian Council.
   331 | D        | Found an iron altar of Okawaru.
   331 | D        | Found a shadowy altar of Dithmenos.
   331 | D        | Found a glowing silver altar of Zin.
   332 | D        | Found an ancient bone altar of Kikubaaqudgha.
   332 | D        | Found a hide-covered altar of Uskayaw.
   333 | D        | Found a stormy altar of Qazlal.
   333 | D        | Found a white marble altar of Elyvilon.
   333 | D        | Found a glowing golden altar of the Shining One.
   334 | D        | Became a worshipper of Gozag Ym Sagoz the Greedy
   335 | D        | Found a corrupted altar of Lugonu.
   335 | D        | Found a radiant altar of Vehumet.
   341 | D        | Reached skill level 13 in Stealth
   341 | D        | Reached XP level 5. HP: 28/28 MP: 3/6
   395 | D        | Reached skill level 1 in Evocations
   401 | D        | Reached skill level 5 in Dodging
   401 | D        | Reached skill level 14 in Stealth
   404 | D        | Reached skill level 15 in Stealth
   434 | D        | Reached XP level 6. HP: 31/33 MP: 7/7
   489 | D        | Found Ducoch's General Store.
   489 | D        | Found Muejiaw's Antique Armour Emporium.
   500 | D        | Noticed a burning bush
   500 | D        | Noticed a wandering mushroom
   501 | D        | Noticed a wandering mushroom
   505 | D        | Killed a wandering mushroom
   506 | D        | Reached skill level 16 in Stealth
   506 | D        | Reached skill level 1 in Shields
   506 | D        | Reached XP level 7. HP: 38/38 MP: 5/8
   506 | D        | Killed a wandering mushroom
   507 | D        | Reached skill level 5 in Throwing
   507 | D        | Reached skill level 18 in Stealth
   507 | D        | Reached skill level 5 in Evocations
   669 | D        | Killed from afar by a burning bush

Illustrated notes

Levels and vault maps discovered:
D:        dungeon_sprint_fedhas [sprint_temple]

Skill      XL: |  1  2  3  4  5  6  7 |
---------------+----------------------+-----
Stealth        | 8 9 11 13 15 16 18 | 18.1
Fighting       | 2 3 4 |  4.8
Dodging        | 2 3 4 5 6 7 |  7.4
Short Blades   | 3 4 |  4.4
Throwing       | 3 4 5 |  5.2
Evocations     | 2 4 5 |  5.4
Shields        | 1 2 |  2.6

Action                   |  1- 3 |  4- 6 |  7- 9 || total
-------------------------+-------+-------+-------++-------
Melee: Dagger            |     5 |     9 |    25 ||    39
Throw: Dart              |    10 |     6 |       ||    16
 Abil: Evoke Invisibilit |       |     3 |       ||     3
  Use: Potion            |     1 |       |     2 ||     3
       Scroll            |       |     1 |     1 ||     2
 Stab: Sleeping          |     1 |     3 |     2 ||     6
       Invisible         |       |     2 |       ||     2
Armor: Robe              |     2 |       |       ||     2
Dodge: Dodged            |     4 |     5 |     1 ||    10
